 Dungeon Crawl Stone Soup version 0.30-a0-1043-g60ff8d5f49 (webtiles) character file.

Game seed: 4449398033611741508

2418 Esekla the Covert (level 9, -3/59 HPs)
             Began as an Octopode Delver on Apr 9, 2023.
             Was an Initiate of Gozag.
             Slain by a swamp worm (6 damage)
             ... on level 7 of the Dungeon.
             The game lasted 00:45:03 (6567 turns).

Esekla the Covert (Octopode Delver)                 Turns: 6567, Time: 00:45:04

Health: -3/59      AC:  1    Str: 12    XL:     9   Next: 48%
Magic:  2/15       EV: 14    Int: 16    God:    Gozag
Gold:   252        SH:  4    Dex: 13    Spells: 3/16 levels left

rFire   + . .      SeeInvis .    x - +10 hand axe of Courage {elec, rF+ Stlth+}
rCold   . . .      Faith    .    m - +0 buckler
rNeg    . . .      Spirit   .    (helmet restricted)
rPois   .          Reflect  .    k - amulet of regeneration
rElec   .          Rampage  .    y - ring of willpower
rCorr   .                        (no ring)
Will    +....                    (no ring)
Stlth   +++++++                  (no ring)
HPRegen 1.09/turn                (no ring)
MPRegen 0.14/turn                (no ring)
                                 (no ring)
                                 (no ring)

@: marked, gold aura
A: almost no armour, amphibious, 8 rings, camouflage 1, gelatinous body 1,
nimble swimmer 1, tentacles
a: Renounce Religion, Potion Petition, Call Merchant, Bribe Branch


You were on level 7 of the Dungeon.
You worshipped Gozag.
Gozag was aware of your devotion.
You visited 2 branches of the dungeon, and saw 8 of its levels.

You collected 1398 gold pieces.
You spent 1140 gold pieces at shops.
You paid 6 gold pieces to Gozag.

Inventory:

Hand Weapons
 a - a +0 falchion
 r - a +0 spear of freezing
 s - a +3 dagger of venom
 x - the +10 hand axe of Courage (weapon) {elec, rF+ Stlth+}
   (You found it on level 2 of the Dungeon)

   rF:        It protects you from fire.
   Stlth:     It makes you more stealthy.
Missiles
 h - 18 poisoned darts
 i - 4 javelins (quivered)
 u - a throwing net
 E - a curare-tipped dart
Armour
 m - a +0 buckler (worn)
Jewellery
 k - an amulet of regeneration (around mantle)
 y - a ring of willpower (left tentacle)
Wands
 f - a wand of digging (2)
 A - a wand of paralysis (6)
 D - a wand of roots (12)
Scrolls
 b - a scroll of fog
 d - a scroll of fear
 g - 2 scrolls of enchant armour {unknown}
 j - 4 scrolls of noise {unknown}
 n - 2 scrolls of vulnerability {unknown}
 p - a scroll of teleportation
 q - 2 scrolls of amnesia {unknown}
 t - 2 scrolls of magic mapping
 w - a scroll of torment {unknown}
 B - a scroll of brand weapon {unknown}
 C - a scroll of immolation {unknown}
 F - a scroll of silence {unknown}
Potions
 c - 6 potions of flight
 e - 2 potions of haste
 l - a potion of lignification
 o - a potion of magic
 v - a potion of curing
 z - a potion of attraction


   Skills:
 + Level 4.6 Fighting
 + Level 0.9(3.0) Short Blades
 + Level 4.5(4.6) Long Blades
 + Level 1.7 Axes
 + Level 1.6 Throwing
 * Level 4.3 Dodging
 + Level 8.9 Stealth
 + Level 3.1 Shields
 * Level 4.0 Spellcasting
 * Level 1.9 Conjurations
 * Level 3.3 Necromancy
 + Level 0.4 Translocations
 * Level 0.6 Transmutations
 * Level 0.9 Fire Magic
 * Level 3.3 Ice Magic
 * Level 2.3 Air Magic
 * Level 2.3 Poison Magic


You had 3 spell levels left.
You knew the following spells:

 Your Spells              Type           Power      Damage    Failure   Level
a - Ozocubu's Armour      Ice            14%        N/A       17%         3
c - Mephitic Cloud        Conj/Pois/Air  10%        N/A       26%         3
d - Vampiric Draining     Necr           14%        2d7       17%         3
n - Ignite Poison         Fire/Tmut/Pois 7%         N/A       36%         3
p - Apportation           Tloc           8%         N/A       19%         1

Your spell library contained the following spells:

 Spells                   Type           Power      Damage    Failure   Level
 Magic Dart               Conj           36%        1d4       10%         1
 Slow                     Hex            12%        N/A       22%         1
 Call Imp                 Summ           6%         N/A       32%         2
 Confusing Touch          Hex            3%         N/A       54%         3
 Sticky Flame             Conj/Fire      7%         2d3       77%         4
 Metabolic Englaciation   Hex/Ice        4%         N/A       97%         5
 Alistair's Intoxication  Tmut/Pois      4%         N/A       98%         5
 Irradiate                Conj/Tmut      3%         3d12      98%         5
 Blade Hands              Tmut           2%         N/A       99%         5
 Dragon Form              Tmut           2%         N/A       100%        7
 Ignition                 Fire           3%         3d4       100%        8
 Simulacrum               Ice/Necr       Unusable   N/A       N/A         6

Dungeon Overview and Level Annotations

Branches:
Dungeon (7/15)             Temple (1/1) D:5

Altars:
Ashenzari
Cheibriados
Dithmenos
Elyvilon
Fedhas
Gozag
Nemelex Xobeh
Okawaru
Qazlal
Ru
Vehumet
Wu Jian
Xom
Yredelemnul
Zin
The Shining One

Shops:
D:3 ?   D:4 :   D:6 *   D:7 (

Annotations:
D:7 Prince Ribbit


Innate Abilities, Weirdness & Mutations

You cannot wear most types of armour.
You are amphibious.
You can wear up to eight rings at the same time.
Your skin changes colour to match your surroundings (Stealth+).
Your rubbery body absorbs attacks. (AC +1, EV +1)
You are camouflaged when in or above water. (Stealth+)
You have tentacles for arms and can constrict up to eight enemies at once.


Message History

* * * LOW HITPOINT WARNING * * *
You are yanked forward by the harpoon shot.
Floosh!
As you read the scroll of fear, it crumbles to dust.
You assume a fearsome visage.
The quasit looks frightened!
The swamp worm looks frightened!
Prince Ribbit easily resists.
The scorpion looks frightened!
Prince Ribbit hits you.
* * * LOW HITPOINT WARNING * * *
As you read the scroll of fear, it crumbles to dust.
You assume a fearsome visage.
Prince Ribbit looks frightened!
Prince Ribbit blinks! x2
Prince Ribbit blinks!
Your magical contamination has completely faded away.
Casting: Vampiric Draining (dangerous; 17% risk of failure)
Confirm with . or Enter, or press ? or * to list all spells.
A film of ice covers your body!
You closely miss the ufetubus. Your grab misses the ufetubus.
The ufetubus splashes around in the water.
You block the ufetubus's attack. x2; The ufetubus misses you.
You miss the ufetubus. Your grab misses the ufetubus.
The ufetubus splashes around in the water.
The ufetubus hits you. The ufetubus completely misses you.
The ufetubus misses you.
The swamp worm fires a harpoon shot at you.
The harpoon shot misses you.
You slash the ufetubus! Lightning courses through the ufetubus!
You kill the ufetubus!
The swamp worm fires a harpoon shot at you.
The harpoon shot hits you!!
* * * LOW HITPOINT WARNING * * *
Your icy armour cracks and falls away as you move.
You are yanked forward by the harpoon shot.
Floosh!
Prince Ribbit blinks!
You slash the swamp worm! Your grab misses the swamp worm.
The swamp worm is almost dead.
The swamp worm bites you.
You die...
Your body crumbles into a pile of gold.

............. .........#.#.#
####....
.........##..####......#
......................#
......................# ....
......................##....
...............#............
...............#.w..........
..............~~@)~..#......
.....#.......~~≈)≈~~##......
.....####..~~~~###~~§~F....#
#....## ##~~≈### ###≈~~...#
#.....# #$≈## #§~~...#
#.....###.~~#~~~~~~wPF~##.#
#..#....#.~≈##~~~)~#P~~....
#.##......~~~###~###≈~~....s
...<......#~~~ # ~~~......


You could see Prince Ribbit and a swamp worm.

Vanquished Creatures
  A swamp worm (D:7)
  2 water moccasins
  2 ice beasts
  2 black bears
  A sky beast (D:7)
  An ogre (D:4)
  2 phantoms
  2 kobold brigands
  4 wights (D:5)
  A howler monkey (D:4)
  3 jellies
  A gnoll bouda (D:7)
  5 orc priests
  3 hounds
  4 iguanas
  7 orc wizards
  Robin (D:3)
  7 gnolls
  8 adders
  6 shadow imps (D:7)
  7 white imps
  6 ufetubi
  3 worms (D:2)
  2 dart slugs
  23 orcs
  9 endoplasms
  A giant cockroach (D:1)
  12 goblins
  7 hobgoblins
  14 kobolds
  8 quokkas
  11 ball pythons
  3 bats (D:2)
  2 frilled lizards (D:1)
  7 rats
178 creatures vanquished.

Vanquished Creatures (others)
  2 demonic plants (D:7)
  3 plants (D:7)
5 creatures vanquished.

Grand Total: 183 creatures vanquished

Notes
Turn   | Place    | Note
-------+----------+-------------------------------------------
     0 | D:5      | Esekla the Octopode Delver began the quest for the Orb.
     0 | D:5      | Reached XP level 1. HP: 16/16 MP: 1/1
     8 | D:5      | Noticed a black bear
    37 | D:5      | Noticed an iguana
    80 | D:5      | Found a staircase to the Ecumenical Temple.
    86 | D:5      | Reached skill level 7 in Stealth
    86 | D:5      | Reached XP level 2. HP: 21/21 MP: 2/2
    88 | Temple   | Entered the Ecumenical Temple
   141 | Temple   | Became a worshipper of Gozag Ym Sagoz the Greedy
   296 | D:5      | Reached XP level 3. HP: 26/26 MP: 3/3
   300 | D:5      | Noticed a water moccasin
   368 | D:4      | Found Sehouxku's Book Emporium.
   457 | D:4      | Reached XP level 4. HP: 26/31 MP: 3/5
   611 | D:2      | Identified the +10 hand axe of Courage {elec, rF+ Stlth+}
   787 | D:1      | Reached skill level 1 in Spellcasting
   848 | D:1      | Found a faded altar of an unknown god.
   917 | D:1      | Reached skill level 8 in Stealth
  1486 | D:2      | Reached XP level 5. HP: 36/36 MP: 7/7
  1527 | D:2      | Reached skill level 1 in Necromancy
  2374 | D:3      | Found Dibb's Magic Scroll Emporium.
  2477 | D:3      | Bought a scroll of identify for 24 gold pieces
  2477 | D:3      | Bought a scroll of teleportation for 36 gold pieces
  2551 | D:3      | Reached XP level 6. HP: 43/43 MP: 8/8
  2604 | D:3      | Noticed Robin
  2611 | D:3      | Killed Robin
  2612 | D:3      | Reached skill level 1 in Shields
  3241 | D:4      | Noticed a black bear
  3271 | D:4      | Learned a level 1 spell: Apportation
  3414 | D:4      | Bought a book of Debilitation for 200 gold pieces
  3418 | D:4      | Learned a level 3 spell: Vampiric Draining
  3418 | D:4      | Bought a book of Winter for 340 gold pieces
  3422 | D:4      | Learned a level 3 spell: Ozocubu's Armour
  3603 | D:4      | Killed a black bear
  3604 | D:4      | Reached XP level 7. HP: 47/47 MP: 6/10
  3714 | D:4      | Found an ornate altar of the Wu Jian Council.
  3779 | D:5      | Reached skill level 1 in Ice Magic
  3830 | D:5      | Reached skill level 1 in Throwing
  3955 | D:5      | Found a large runed translucent door.
  3959 | D:5      | Found a large runed translucent door.
  3986 | D:5      | Reached XP level 8. HP: 47/54 MP: 6/11
  4409 | D:5      | Found a basalt altar of Yredelemnul.
  4424 | D:5      | Found a snail-covered altar of Cheibriados.
  4482 | D:4      | Bought a book of Minor Magic for 180 gold pieces
  4486 | D:4      | Learned a level 3 spell: Mephitic Cloud
  4588 | D:6      | Reached skill level 1 in Axes
  4623 | D:6      | Found Zin's Purification Station.
  4626 | D:6      | Found a glowing silver altar of Zin.
  4822 | D:6      | Reached skill level 1 in Conjurations
  5098 | D:6      | Found a sacrificial altar of Ru.
  5156 | D:6      | Reached skill level 1 in Air Magic
  5167 | D:6      | Reached skill level 1 in Poison Magic
  5294 | D:6      | Reached XP level 9. HP: 53/59 MP: 1/13
  5480 | D:7      | Noticed a komodo dragon
  5792 | D:4      | Bought an Everburning Encyclopedia for 360 gold pieces
  5796 | D:4      | Learned a level 3 spell: Ignite Poison
  5863 | D:7      | Found Lysozargh's Weapon Emporium.
  6457 | D:7      | Noticed Prince Ribbit
  6566 | D:7      | HP: 2/59 [swamp worm/harpoon shot (22)]
  6567 | D:7      | Slain by a swamp worm

Illustrated notes

Levels and vault maps discovered:
D:1:      lightli_arrival_windingriver, layout_basic,
          shapermc_ecumenical_altar_notcrosses
D:2:      layout_basic
D:3:      layout_loops_cross, serial_shops, shop, kennysheep_generic_room_2,
          uniq_robin
D:4:      nicolae_cairo_tiling_large, layout_loops_cross,
          nzn_wu_jian_contemplation, serial_shops, shop
D:5:      layout_rooms, jmf_multi_god_temple2, minmay_temple_entry_purple_smoke,
          kennysheep_path_1
D:6:      layout_gridville, zin_purify, old_standard_altar
D:7:      layout_cave_pools, serial_demonic, serial_demonic_g, serial_demonic_g,
          serial_demonic_a, serial_demonic_f, serial_demonic_g,
          serial_demonic_f, serial_demonic_a, serial_shops, shop, worms_lemuel,
          uniq_crazy_yiuf_cottage, uniq_prince_ribbit1
Temple:   bh_familiar_temple

Skill      XL: |  1  2  3  4  5  6  7  8  9 |
---------------+----------------------------+-----
Stealth        | 7 8 |  8.9
Spellcasting   | 1 2 3 4 |  4.0
Necromancy     | 1 2 3 |  3.3
Shields        | 2 3 |  3.1
Ice Magic      | 1 3 |  3.3
Throwing       | 1 |  1.6
Long Blades    | 3 4 |  4.5
Fighting       | 4 |  4.6
Dodging        | 3 4 |  4.3
Axes           | 1 |  1.7
Conjurations   | 1 |  1.9
Air Magic      | 1 2 |  2.3
Poison Magic   | 1 2 |  2.3
Short Blades   | |  0.9
Translocations | |  0.4
Transmutations | |  0.6
Fire Magic     | |  0.9

Action                     |  1- 3 |  4- 6 |  7- 9 || total
---------------------------+-------+-------+-------++-------
  Melee: Falchion          |     4 |    87 |    66 ||   157
         Constrict         |     3 |    26 |    40 ||    69
         Rapier            |     5 |     3 |       ||     8
         Dagger            |       |    42 |    11 ||    53
         Tentacles         |       |    18 |    37 ||    55
         Hand axe          |       |    17 |    82 ||    99
         Punch             |       |     2 |     2 ||     4
  Throw: Dart              |       |    11 |     8 ||    19
         Javelin           |       |       |     5 ||     5
   Cast: Apportation       |       |     2 |    14 ||    16
         Ozocubu's Armour  |       |     1 |    21 ||    22
         Vampiric Draining |       |       |    16 ||    16
         Mephitic Cloud    |       |       |     1 ||     1
  Evoke: Wand              |     1 |       |       ||     1
    Use: Scroll            |     1 |     6 |     3 ||    10
         Potion            |       |       |     1 ||     1
   Stab: Sleeping          |     2 |    29 |     7 ||    38
 Armour: Skin              |       |     5 |    17 ||    22
  Dodge: Dodged            |     4 |    63 |   110 ||   177
  Block: Buckler           |       |     9 |    35 ||    44

Table legend: (Time is in decaauts)
 A = Elapsed time spent in this place.
 B = Non-inter-level travel time spent in this place.
 C = Inter-level travel time spent in this place.
 D = Time resting spent in this place.
 E = Time spent auto-exploring this place.
 F = Levels seen in this place.
 G = Mean time per level.
                   A        B        C        D        E       F      G
               +--------+--------+--------+--------+--------+-----+--------+
         Total |   6599 |   6154 |    445 |   1119 |   1668 |   8 |  824.9 |
       Dungeon |   6514 |   6100 |    414 |   1119 |   1626 |   7 |  930.6 |
        Temple |     84 |     53 |     31 |      0 |     42 |   1 |   84.0 |
               +--------+--------+--------+--------+--------+-----+--------+

Top non-repeatable levels by time:
     D:6: 1242 daAuts
     D:4: 1224 daAuts
     D:2: 967 daAuts
     D:5: 815 daAuts
     D:3: 782 daAuts
     D:1: 772 daAuts
     D:7: 710 daAuts
  Temple: 84 daAuts
